 Dungeon Crawl Stone Soup version 0.25.0-15-gac7dcb8919 (webtiles) character file.

Game seed: 17288923354015002213

907 Descartes the Blocker (level 8, -1/39 HPs)
             Began as a Vine Stalker Fighter on June 28, 2020.
             Slain by a killer bee (4 damage)
             ... on level 4 of the Dungeon.
             The game lasted 00:11:52 (4295 turns).

Descartes the Blocker (Vine Stalker Fighter)        Turns: 4295, Time: 00:11:53

Health: -1/39      AC: 11    Str: 19    XL:     8   Next: 8%
Magic:  0/9        EV:  4    Int: 10    God:
Gold:   283        SH: 11    Dex: 14    Spells: 7/7 levels left

rFire    . . .     SeeInvis .   a - +0 long sword
rCold    . . .     Gourm    .   c - +0 kite shield
rNeg     . . .     Faith    .   s - +0 plate armour
rPois    .         Spirit   +   (helmet restricted)
rElec    .         Reflect  .   (no cloak)
rCorr    .         Harm     .   (no gloves)
MR       +....                  (no boots)
Stlth    ..........             (no amulet)
HPRegen  0.53/turn              (no ring)
MPRegen  0.11/turn              (no ring)

@: mighty, lethally poisoned (-1 -> -2)
A: fangs 3, horns 1, mutation resistance 1, regeneration 1, magic shield,
antimagic bite, no potion heal 3, rot immunity
a: no special abilities


You were on level 4 of the Dungeon.
You were not hungry.

You visited 1 branch of the dungeon, and saw 4 of its levels.
You also visited: Sewer.

You collected 283 gold pieces.

Inventory:

Hand Weapons
 a - a +0 long sword (weapon)
 b - a +0 hunting sling
 p - a +0 rapier
Missiles
 j - 12 poisoned darts (quivered)
 l - 118 stones
 m - 47 arrows
 v - 17 bolts
 x - 19 sling bullets
Armour
 c - a +0 kite shield (worn)
 s - a +0 plate armour (worn)
Scrolls
 e - 2 scrolls of identify
 g - a scroll of enchant weapon {unknown}
 i - 3 scrolls of teleportation {unknown}
 k - 2 scrolls of random uselessness {unknown}
 q - 2 scrolls of fear {unknown}
 w - 3 scrolls of remove curse {unknown}
Potions
 h - a potion of brilliance
 n - a potion of resistance
 t - 2 potions of stabbing
Comestibles
 f - 6 rations
 r - 9 chunks of flesh


   Skills:
 - Level 2.6 Fighting
 - Level 1.7 Long Blades
 - Level 2.4 Armour
 + Level 8.7 Shields


You had 7 spell levels left.
You didn't know any spells.
Your spell library was empty.

Dungeon Overview and Level Annotations

Branches:
Dungeon (4/15)              Sewer (visited)
 Temple: D:4-7

Altars:
Ashenzari
Ru

Annotations:
D:3 1 runed translucent door


Innate Abilities, Weirdness & Mutations

You have razor-sharp teeth.
Your natural rate of healing is unusually fast.
When hurt, damage is shared between your health and your magic reserves.
Your bite disrupts and absorbs the magic of your enemies.
Potions cannot restore your health.
You are immune to rotting.
You have a pair of small horns on your head.
You are somewhat resistant to further mutation.


Message History

You block the killer bee's attack.
It was a potion of mutation.
You feel extremely strange.
You feel genetically stable. A pair of horns grows on your head!
You feel sick. You block the killer bee's attack.
The killer bee stings you but does no damage.
Your plate armour prevents you from hitting the killer bee.
The killer bee is moderately wounded.
The killer bee stings you.
* * * LOW HITPOINT WARNING * * *
The killer bee stings you but does no damage.
The killer bee stings you.
* * * LOW HITPOINT WARNING * * *
You are more poisoned.
The killer bee poisons you!
Some of the chunks of flesh in your inventory have rotted away.
You miss the killer bee.
The killer bee is moderately wounded.
* * * LOW HITPOINT WARNING * * *
You feel sick. The killer bee stings you!
You die...

###### #....# ####
.....# ##..# #....#
####...# #....#
###......#
..######......###
....>÷.†...#### ##
...)##......#######...#
..#########.....@yyO.(#
..# ..........####...#
.## ....).....# .# .#
..........# .#
..........# ..#
..........# #.#
..........# ....
..........# ...##


You could see an ogre and 2 killer bees.

Vanquished Creatures
  Sigmund (D:3)
  Purgy (Sewer)
  The ghost of sosloow the Chopper, an amateur HOMo of Beogh (D:3)
  An ogre (D:4)
  A scorpion (D:4)
  A killer bee (D:4)
  2 crimson imps (D:3)
  A centaur skeleton (D:4)
  An iguana (D:4)
  A worker ant (D:4)
  2 hound skeletons (D:4)
  Robin (D:4)
  8 adders
  2 adder skeletons
  2 worms (D:2)
  5 dart slugs
  9 leopard geckos
  2 orcs (D:3)
  8 giant cockroaches
  11 hobgoblins
  3 jackals (D:1)
  3 quokkas
  9 bats
  13 frilled lizards
  15 goblins
  8 kobolds
  9 rats
121 creatures vanquished.

Notes
Turn   | Place    | Note
-------+----------+-------------------------------------------
     0 | D:1      | Descartes the Vine Stalker Fighter began the quest for the
                  | Orb.
     0 | D:1      | Reached XP level 1. HP: 11/11 MP: 2/2
   193 | D:1      | Reached skill level 3 in Shields
   250 | D:1      | Reached XP level 2. HP: 14/16 MP: 3/3
  1149 | D:1      | Reached XP level 3. HP: 19/19 MP: 4/4
  1567 | D:2      | Reached skill level 4 in Shields
  2006 | D:2      | Found a shattered altar of Ashenzari.
  2019 | D:2      | Gained mutation: Your natural rate of healing is unusually
                  | fast. [Vine Stalker growth]
  2019 | D:2      | Reached XP level 4. HP: 22/23 MP: 3/5
  2728 | D:3      | Reached skill level 5 in Shields
  2728 | D:3      | Reached XP level 5. HP: 27/27 MP: 6/6
  2976 | D:3      | Found a glowing drain.
  2992 | Sewer    | Entered a sewer
  3145 | Sewer    | Noticed Purgy
  3161 | Sewer    | Killed Purgy
  3161 | Sewer    | Reached skill level 6 in Shields
  3161 | Sewer    | Reached XP level 6. HP: 24/32 MP: 7/7
  3225 | D:3      | Found a runed translucent door.
  3225 | D:3      | Noticed sosloow's ghost (amateur HOMo)
  3338 | D:3      | Found a runed translucent door.
  3406 | D:3      | Noticed Sigmund
  3430 | D:3      | Killed Sigmund
  3531 | D:3      | Reached skill level 7 in Shields
  3609 | D:3      | Reached XP level 7. HP: 35/35 MP: 8/8
  3780 | D:3      | Killed sosloow's ghost
  3888 | D:4      | Found a sacrificial altar of Ru.
  3947 | D:4      | Reached skill level 8 in Shields
  4019 | D:4      | Noticed Robin
  4110 | D:4      | Killed Robin
  4223 | D:4      | Gained mutation: You have razor-sharp teeth. [Vine Stalker
                  | growth]
  4223 | D:4      | Reached XP level 8. HP: 32/39 MP: 7/9
  4293 | D:4      | Gained mutation: You are somewhat resistant to further
                  | mutation. [potion of mutation]
  4293 | D:4      | Gained mutation: You have a pair of small horns on your
                  | head. [potion of mutation]
  4295 | D:4      | Slain by a killer bee

Illustrated notes

Levels and vault maps discovered:
D:1:      shiori_arrival_elements, layout_loops_corners, minmay_misc_feat_rows
D:2:      layout_basic, ashenzari_conservatory_becter
D:3:      layout_loops_ring, ebering_ghost_sewer_f, portal_sewer_entry_f,
          minmay_lizard_king, uniq_sigmund
D:4:      minmay_evil_eye, layout_rooms, lemuel_blue_sif_altar,
          overflow_temple_1_default, first_ration, uniq_robin

Skill      XL: |  1  2  3  4  5  6  7 |
---------------+----------------------+-----
Shields        | 3 4 5 6 7 8 |  8.7
Fighting       | |  2.6
Long Blades    | |  1.7
Armour         | |  2.4

Action                   |  1- 3 |  4- 6 |  7- 9 || total
-------------------------+-------+-------+-------++-------
Melee: Long sword        |   106 |   255 |   162 ||   523
       Bite              |    35 |    76 |    44 ||   155
 Fire: Hunting sling     |       |       |    10 ||    10
  Use: Scroll            |       |       |     4 ||     4
       Potion            |       |       |     2 ||     2
  Eat: Chunk             |     4 |     5 |     3 ||    12
Armor: Scale mail        |    50 |    55 |       ||   105
       Plate armour      |       |    67 |   100 ||   167
Dodge: Dodged            |    30 |    56 |    26 ||   112
Block: Kite shield       |    67 |   143 |    94 ||   304
       Rpst.: Long sword |     7 |    15 |    10 ||    32
